 Dungeon Crawl Stone Soup version 0.29.1-13-g9f3cf754e1 (webtiles) character file.

Game seed: 230642333282096556

1522 Gabide the Basher (level 9, -2/71 HPs)
             Began as a Formicid Berserker on Feb 2, 2023.
             Was a Believer of Trog.
             Slain by a wyvern (19 damage)
             ... on level 6 of the Dungeon.
             The game lasted 00:08:45 (6857 turns).

Gabide the Basher (Formicid Berserker)              Turns: 6857, Time: 00:08:46

Health: -2/71      AC:  3    Str: 27    XL:     9   Next: 10%
Magic:  9/9        EV: 13    Int:  6    God:    Trog [**....]
Gold:   255        SH:  0    Dex: 13    Spells: 8/8 levels left

rFire   . . .      SeeInvis +   a - +0 flail
rCold   + . .      Faith    .   (no shield)
rNeg    . . .      Spirit   .   q - +0 leather armour {rC+}
rPois   .          Reflect  .   (helmet unavailable)
rElec   .          Harm     .   (no cloak)
rCorr   .          Rampage  .   (no gloves)
Will    +++..                   (no boots)
Stlth   +.........              (no amulet)
HPRegen 1.21/turn               n - ring of willpower
MPRegen 0.11/turn               (no ring)

@: strong-willed, regenerating
A: permanent stasis, dig shafts and tunnels, antennae 3, four strong arms
a: Dig, Shaft Self, Renounce Religion, Trog's Hand


You were on level 6 of the Dungeon.
You worshipped Trog.
Trog was pleased with you.
You visited 1 branch of the dungeon, and saw 6 of its levels.

You collected 352 gold pieces.
You spent 97 gold pieces at shops.

Inventory:

Hand Weapons
 a - a +0 flail (weapon)
Missiles
 d - 4 boomerangs
 e - 3 curare-tipped darts
 g - 2 silver boomerangs (quivered)
Armour
 q - a +0 leather armour of cold resistance (worn)
Jewellery
 n - a ring of willpower (left hand)
Scrolls
 i - 3 scrolls of enchant armour
 l - a scroll of summoning {unknown}
 o - a scroll of immolation
 p - a scroll of magic mapping {unknown}
 s - a scroll of torment
Potions
 c - 2 potions of curing
 j - a potion of magic {unknown}
 m - a potion of heal wounds {unknown}
 r - a potion of cancellation {unknown}


   Skills:
 + Level 6.7 Fighting
 * Level 8.2 Maces & Flails
 - Level 2.1 Armour
 + Level 5.1 Dodging


You had 8 spell levels left.
You didn't know any spells.
Your spell library was empty.

Dungeon Overview and Level Annotations

Branches:
Dungeon (6/15)
 Temple: D:4-7

Altars:
Nemelex Xobeh

Shops:
D:2 ?


Innate Abilities, Weirdness & Mutations

You cannot be hasted, slowed, berserked, paralysed or teleported.
You can dig through walls and to a lower floor.
You have a pair of large antennae on your head. (SInv)
Your four strong arms can wield two-handed weapons with a shield.


Message History

You are too injured to fight recklessly!
You are too injured to fight recklessly!
You are too injured to fight recklessly!
You are too injured to fight recklessly!
You are too injured to fight recklessly!
You are too injured to fight recklessly!
You are too injured to fight recklessly!
A wyvern is nearby!
Throw: 5 darts (curare)
Press: ? - help, Shift-Dir - straight line, f - wyvern
Aim: a wyvern (moderately wounded, 60% to hit)
You throw a curare-tipped dart.
The curare-tipped dart barely misses the wyvern.
The wyvern bites you!
Unknown command.
Throw: 4 darts (curare)
Press: ? - help, Shift-Dir - straight line, f/p - wyvern
Aim: a wyvern (moderately wounded, 60% to hit)
You throw a curare-tipped dart.
The curare-tipped dart barely misses the wyvern.
The wyvern bites you.
The wyvern hisses menacingly.
The wyvern bites you!
* * * LOW HITPOINT WARNING * * *
It was a potion of ambrosia.
You are confused.
You feel invigorated. The wyvern bites you.
* * * LOW HITPOINT WARNING * * *
Okay, then.
Unknown command.
You are too confused!
You bump into the rock wall.
The wyvern bites you!
* * * LOW HITPOINT WARNING * * *
The wyvern bites you.
* * * LOW HITPOINT WARNING * * *
You feel better.
You feel less invigorated. The wyvern misses you.
Your skin crawls.
You feel strong-willed. The wyvern bites you!!
You die...

...#.....# +.............#..#.
...#.....# #.............#..+.
..##.<...# #.............#####
..#....########....#####......###
..'....#..'...#....# #......+..
..#....'..#...'....# #......#..
+##..♣♣.P♣###.#....## #......###
....♣♣~.♣♣ #.##....# #####.....
.....♣~~.♣ +..#@...# #...#.....
...♣.♣~~♣♣ #..+l...# +...'.....
.♣♣ ♣♣♣.P ♣♣+#....# #####.....
..♣♣P♣.~~P ....#######....###
..~~~~~~~~ ....#.....#....'..
.PP~~~~.~♣ .....#.....#....#..
.♣♣♣♣♣♣~P♣ ♣♣♣..(..#..##.#....###
....# ♣.♣♣♣♣.#######..##.##......
....♣♣♣~♣♣...'....#...#...#......


You could see a wyvern.

Vanquished Creatures
  Grinder (D:6)
  Sigmund (D:1)
  Menkaure (D:5)
  A water moccasin (D:5)
  An ice beast (D:6)
  The ghost of H0rd4k the Charlatan, an amateur OpAr (D:3)
  A phantom (D:6)
  3 bullfrogs
  A scorpion (D:4)
  2 hounds
  Jessica (D:3)
  An orc wizard (D:5)
  Ijyb (D:4)
  4 iguanas (D:5)
  Robin (D:3)
  6 gnolls (D:6)
  An adder (D:2)
  2 shadow imps
  A white imp (D:6)
  A worm (D:4)
  11 orcs
  5 ball pythons
  10 endoplasms
  5 giant cockroaches
  7 hobgoblins
  2 jackals (D:1)
  9 kobolds
  5 quokkas
  8 bats
  4 frilled lizards
  15 goblins
  6 rats
  A spectral goblin (D:1)
120 creatures vanquished.

Notes
Turn   | Place    | Note
-------+----------+-------------------------------------------
     0 | D:1      | Gabide the Formicid Berserker began the quest for the Orb.
     0 | D:1      | Reached XP level 1. HP: 18/18 MP: 1/1
     1 | D:1      | Noticed an electric eel
   199 | D:1      | Reached XP level 2. HP: 24/24 MP: 2/2
   446 | D:1      | Found a faded altar of an unknown god.
   942 | D:1      | Reached XP level 3. HP: 21/28 MP: 3/3
  1505 | D:2      | Noticed Sigmund
  1522 | D:1      | Killed Sigmund
  1523 | D:1      | Reached skill level 4 in Maces & Flails
  1523 | D:1      | Reached XP level 4. HP: 8/38 MP: 4/4
  1523 | D:1      | Reached XP level 5. HP: 9/43 MP: 5/5
  1995 | D:2      | Reached XP level 6. HP: 49/49 MP: 6/6
  2044 | D:2      | Reached ** piety under Trog
  2254 | D:2      | Reached skill level 5 in Maces & Flails
  2317 | D:2      | Found Amuffiery's Magic Scroll Emporium.
  2329 | D:2      | Bought a scroll of enchant armour for 97 gold pieces
  2784 | D:3      | Noticed Jessica
  2795 | D:3      | Killed Jessica
  2916 | D:3      | Noticed Robin
  2938 | D:3      | Killed Robin
  3018 | D:3      | Found a sparkling altar of Nemelex Xobeh.
  3170 | D:3      | Noticed H0rd4k's ghost (amateur OpAr)
  3196 | D:3      | Found a runed translucent door.
  3587 | D:3      | Killed H0rd4k's ghost
  3710 | D:4      | Reached XP level 7. HP: 48/55 MP: 7/7
  3729 | D:4      | Reached skill level 5 in Fighting
  3979 | D:4      | Noticed Ijyb
  4001 | D:4      | Killed Ijyb
  4003 | D:4      | Reached skill level 6 in Maces & Flails
  4640 | D:5      | Entered Level 5 of the Dungeon
  4702 | D:5      | Noticed Menkaure
  4707 | D:5      | Killed Menkaure
  4708 | D:5      | Reached XP level 8. HP: 64/64 MP: 8/8
  5660 | D:5      | Reached skill level 7 in Maces & Flails
  5825 | D:6      | Noticed Grinder
  5835 | D:6      | Killed Grinder
  6138 | D:6      | Reached *** piety under Trog
  6139 | D:6      | Reached skill level 5 in Dodging
  6139 | D:6      | Reached XP level 9. HP: 53/71 MP: 9/9
  6311 | D:6      | Reached skill level 8 in Maces & Flails
  6855 | D:6      | HP: 3/71 [wyvern (1)]
  6857 | D:6      | Slain by a wyvern

Illustrated notes

Levels and vault maps discovered:
D:1:      arrival_aquarium_a, layout_basic,
          dreamdust_ecumenical_altar_drowned_temple
D:2:      layout_loops_cross, serial_shops, nicolae_shop_crystal, uniq_sigmund
D:3:      layout_loops_ring, nemelex_spade_bored_becter,
          hellmonk_ghost_happy_afterlife, uniq_jessica, uniq_robin
D:4:      layout_basic, glass_columns_a, minmay_misc_feat_x, uniq_ijyb
D:5:      layout_loops_ring, uniq_menkaure
D:6:      layout_gridville, nicolae_ossuary_entry_ruins,
          gammafunk_ghost_nasty_kobolds, minmay_misc_feat_cross,
          serial_bayou_crossing, uniq_pikel, uniq_grinder

Skill      XL: |  1  2  3  4  5  6  7  8  9 |
---------------+----------------------------+-----
Dodging        | 2 3 4 5 |  5.1
Fighting       | 4 5 6 |  6.7
Maces & Flails | 4 5 6 7 8 |  8.2
Armour         | |  2.1

Action                   |  1- 3 |  4- 6 |  7- 9 || total
-------------------------+-------+-------+-------++-------
Melee: Mace              |    92 |     5 |       ||    97
       Punch             |       |     3 |     4 ||     7
       Dagger            |       |   135 |    96 ||   231
       Flail             |       |       |    64 ||    64
Throw: Dart              |     4 |       |    10 ||    14
       Boomerang         |       |       |    14 ||    14
Invok: Trog's Hand       |       |     1 |     6 ||     7
  Use: Potion            |     1 |       |     5 ||     6
       Scroll            |       |       |     8 ||     8
Armor: Ring mail         |    31 |    37 |    17 ||    85
       Animal skin       |     1 |       |       ||     1
       Leather armour    |       |       |    11 ||    11
Dodge: Dodged            |    54 |    74 |   121 ||   249
